 Dungeon Crawl Stone Soup version 0.21-a0-186-g02e8684 (webtiles) character file.

79 SpiderQueen the Chopper (level 4, 0/35 HPs)
             Began as a Demonspawn Fighter on Aug 13, 2017.
             Slain by an adder (2 damage)
             ... on level 2 of the Dungeon.
             The game lasted 00:01:22 (1216 turns).

SpiderQueen the Chopper (Demonspawn Fighter)        Turns: 1216, Time: 00:01:23

Health: 0/35       AC:  6    Str: 18    XL:     4   Next: 17%
Magic:  4/4        EV:  7    Int:  9    God:
Gold:   111        SH:  8    Dex: 12    Spells: 3/3 levels left

rFire    . . .     SeeInvis +   a - +0 war axe
rCold    . . .     Gourm    .   c - +0 shield
rNeg     . . .     Faith    .   b - +0 scale mail
rPois    .         Spirit   .   (helmet restricted)
rElec    .         Reflect  .   (no cloak)
rCorr    .         Harm     .   (no gloves)
MR       .....                  (no boots)
Stlth    ..........             (no amulet)
HPRegen  0.11/turn              m - ring of see invisible (curse)
MPRegen  0.09/turn              (no ring)

@: lethally poisoned (0 -> -3)
A: horns 1, powered by death 1
a: no special abilities


You were on level 2 of the Dungeon.
You were not hungry.

You visited 1 branch of the dungeon, and saw 2 of its levels.

You collected 111 gold pieces.

Inventory:

Hand Weapons
 a - a +0 war axe (weapon)
Armour
 b - a +0 scale mail (worn)
 c - a +0 shield (worn)
Jewellery
 m - a cursed ring of see invisible (left hand)
Scrolls
 e - a scroll of fear {unknown}
 h - a scroll of noise {unknown}
 i - 4 scrolls of teleportation {unknown}
 j - a scroll of identify {unknown}
 l - a scroll of remove curse {unknown}
Potions
 d - a potion of might
 n - 2 potions of mutation {unknown}
 o - a potion of heal wounds {unknown}
Comestibles
 f - 2 bread rations
 g - a meat ration
 k - a royal jelly


   Skills:
 - Level 3.0 Fighting
 + Level 4.0 Axes
 - Level 2.6 Armour
 - Level 2.6 Shields


You had 3 spell levels left.
You didn't know any spells.

Dungeon Overview and Level Annotations

Branches:
Dungeon (2/15)

Altars:


Innate Abilities, Weirdness & Mutations

You have a pair of small horns on your head.
You regenerate a little health from kills.


Message History

The adder poisons you! You block the adder's attack.
Things that are here:
a club; a hobgoblin corpse You feel sick.
The kobold hits you but does no damage.
You closely miss the adder.
Your shield and scale mail prevent you from hitting the adder.
You barely miss the kobold. You block the adder's attack.
The adder bites you but does no damage. You block the kobold's attack.
You block the adder's attack. The adder bites you but does no damage.
The kobold hits you but does no damage.
You closely miss the adder. You closely miss the kobold. You miss the adder.
You feel sick. You block the adder's attack. x2
The kobold hits you with a dagger.
* * * LOW HITPOINT WARNING * * *
The adder barely misses you. You block the adder's attack.
Unknown command.
You barely miss the adder. Your headbutt misses the adder.
You barely miss the adder. You hit the kobold but do no damage.
The adder bites you.
You die...

.......... ...........
.. .. ... ............
.# .##.. ..#..........
....#..
.............##...?.
................#..####.
###..............>......
# ...................#
##..............@.....#
...............KSS....#
##..............†.....#
......................#
.#...........##########
...<........##
.#..........######..
.#.................#
.#.......##.########


You could see 2 adders and a kobold.

Vanquished Creatures
  A gnoll (D:1)
  An adder (D:2)
  2 worms (D:2)
  A dart slug (D:1)
  A leopard gecko (D:2)
  7 bats
  2 giant cockroaches (D:1)
  7 goblins
  5 hobgoblins
  9 jackals (D:1)
  2 frilled lizards (D:2)
  5 kobolds
  5 rats (D:1)
48 creatures vanquished.

Notes
Turn   | Place    | Note
-------+----------+-------------------------------------------
     0 | D:1      | SpiderQueen the Demonspawn Fighter began the quest for the Orb.
     0 | D:1      | Reached XP level 1. HP: 18/18 MP: 1/1
    29 | D:1      | Reached skill level 2 in Axes
    37 | D:1      | Gained mutation: You have a pair of small horns on your head. [demonic ancestry]
    37 | D:1      | Reached XP level 2. HP: 9/24 MP: 2/2
   376 | D:1      | Reached skill level 3 in Axes
   489 | D:1      | Reached XP level 3. HP: 27/29 MP: 3/3
  1117 | D:2      | Gained mutation: You regenerate a little health from kills. [demonic ancestry]
  1117 | D:2      | Reached XP level 4. HP: 35/35 MP: 4/4
  1194 | D:2      | Reached skill level 4 in Axes
  1216 | D:2      | Slain by an adder

Vault maps used:
D:1:      nicolae_arrival_washed_ashore, minmay_misc_feat_enclosed,
          interstate_on_off, kennysheep_nondescript
D:2:      makhleb_heckhound_becter

Skill      XL: |  1  2  3  4 |
---------------+-------------+-----
Axes           | 2 3 4 |  4.0
Fighting       | |  3.0
Armour         | |  2.6
Shields        | |  2.6

Action                   |  1- 3 |  4- 6 || total
-------------------------+-------+-------++-------
Melee: War axe           |    89 |    17 ||   106
       Headbutt          |    11 |     5 ||    16
  Eat: Chunk             |     1 |       ||     1
Armor: Scale mail        |    67 |    17 ||    84
Dodge: Dodged            |    29 |    10 ||    39
Block: Shield            |    51 |    23 ||    74
